 Dungeon Crawl Stone Soup version 0.27-a0-984-g00e00afbbc (webtiles) character file.

Game seed: 13124973883312702039

741 Morbidden the Ruffian (level 7, -8/66 HPs)
             Began as a Troll Transmuter on Apr 15, 2021.
             Mangled by a two-headed ogre
             ... wielding a +0 giant club
              (34 damage)
             ... on level 5 of the Dungeon.
             The game lasted 00:05:10 (2987 turns).

Morbidden the Ruffian (Troll Transmuter)            Turns: 2987, Time: 00:05:11

Health: -8/66      AC:  4    Str: 19    XL:     7   Next: 47%
Magic:  9/9        EV: 10    Int: 11    God:
Gold:   179        SH:  0    Dex: 10    Spells: 6/10 levels left

rFire    . . .     SeeInvis .     - Unarmed
rCold    . . .     Faith    .   (no shield)
rNeg     . . .     Spirit   .   h - +0 robe
rPois    .         Reflect  .   (helmet restricted)
rElec    .         Harm     .   (no cloak)
rCorr    .         Rampage  .   (gloves unavailable)
Will     .....                  (boots unavailable)
Stlth    +.........             k - amulet of the acrobat
HPRegen  1.21/turn              (no ring)
MPRegen  0.11/turn              (no ring)

@: no status effects
A: large, unfitting armour, claws 3, regeneration 1, shaggy fur 1, tough skin 1
a: no special abilities


You were on level 5 of the Dungeon.
You visited 1 branch of the dungeon, and saw 5 of its levels.

You collected 179 gold pieces.

Inventory:

Hand Weapons
 a - a +0 hunting sling
 r - the +7 great mace "Firestarter" {inner flame, rF++}
   (You found it on level 4 of the Dungeon)

   It has been specially enchanted to burn those struck by it, causing extra
   injury to most foes and up to half again as much damage against particularly
   susceptible opponents.
   It greatly protects you from fire.
Missiles
 b - 32 sling bullets
 c - 77 poisoned darts (quivered)
 d - 6 datura-tipped darts
 s - 5 boomerangs
Armour
 h - a +0 robe (worn)
Jewellery
 k - an amulet of the acrobat (around neck)
Scrolls
 j - a scroll of enchant armour {unknown}
 l - a scroll of noise {unknown}
 n - 2 scrolls of identify {unknown}
 p - a scroll of teleportation
Potions
 e - 3 potions of curing
 f - a potion of magic {unknown}
 g - a potion of heal wounds {unknown}
 i - a potion of flight {unknown}
 m - a potion of invisibility {unknown}
 o - a potion of brilliance {unknown}
 q - a potion of berserk rage {unknown}


   Skills:
 * Level 2.6 Fighting
 + Level 1.7 Maces & Flails
 + Level 0.7(0.9) Slings
 + Level 1.0(1.2) Throwing
 * Level 2.5 Dodging
 + Level 0.1 Stealth
 * Level 5.0 Unarmed Combat
 * Level 2.3 Spellcasting
 * Level 2.6 Transmutations
 * Level 1.0 Poison Magic


You had 6 spell levels left.
You knew the following spells:

 Your Spells              Type           Power      Damage    Failure   Level
a - Beastly Appendage     Tmut           14%        N/A       10%         1
b - Spider Form           Tmut/Pois      2%         N/A       36%         3

Your spell library contained the following spells:

 Spells                   Type           Power      Damage    Failure   Level
 Sting                    Tmut/Pois      20%        1d4       13%         1
 Wereblood                Tmut           7%         N/A       14%         2
 Poisonous Vapours        Pois/Air       4%         N/A       34%         2
 Ignite Poison            Fire/Tmut/Pois 3%         N/A       45%         3
 Mephitic Cloud           Conj/Pois/Air  2%         N/A       58%         3
 Ice Form                 Ice/Tmut       4%         N/A       85%         4
 Olgreb's Toxic Radiance  Pois           3%         N/A       88%         4
 Hydra Form               Tmut           3%         N/A       95%         5


Dungeon Overview and Level Annotations

Branches:
Dungeon (5/15)
 Temple: D:4-7

Altars:
Dithmenos
Okawaru

Annotations:
D:2 1 runed translucent door, Crazy Yiuf


Innate Abilities, Weirdness & Mutations

You are too large for most types of armour.
You have claws for hands.
Your natural rate of healing is unusually fast.
You are covered in fur. (AC +1)
You have tough skin. (AC +1)


Message History

Unknown command.
Throw: 78 darts (poison)
Press: ? - help, Q - select action, (/) - cycle Shift-Dir - straight line, f - two-headed ogre
Aim: a two-headed ogre, wielding a +0 giant club and a +0 giant spiked club (heavily wounded, 72% to hit)
You throw a poisoned dart.
The poisoned dart hits the two-headed ogre.
The two-headed ogre is poisoned.
The two-headed ogre is heavily wounded.
You barely miss the two-headed ogre.
The two-headed ogre is heavily wounded.
The two-headed ogre misses you.
The two-headed ogre hits you with a +0 giant spiked club!
Unknown command.
You scratch the two-headed ogre.
The two-headed ogre is heavily wounded.
The two-headed ogre hits you with a +0 giant club!
The two-headed ogre closely misses you.
Unknown command.
You scratch the two-headed ogre.
The two-headed ogre is severely wounded.
The two-headed ogre barely misses you.
The two-headed ogre hits you with a +0 giant spiked club!!
* * * LOW HITPOINT WARNING * * *
Unknown command.
Unknown command.
The two-headed ogre looks more healthy. 2 jackals come into view.
The jackal barks!
A jackal comes into view.
Found a scroll of teleportation and a worn wooden wand.
The jackal barks!
The jackal barks!
You scratch the jackal.
The jackal is severely wounded.
The jackal bites you.
You miss the jackal.
The jackal is heavily wounded.
The two-headed ogre hits you with a +0 giant club!!
Ouch! That really hurt!
You die...

#..# .... #..#
# #..# .# #
#/h# #.## #
#..##...## #
#hh#...... #
#.@....... .
#####O#......
##
#.h..h......?
######
#.###.....###
(....#######.#
#######
####...Y.h.h.#
###########


You could see a two-headed ogre, a hound and 3 jackals.

Vanquished Creatures
  Grinder (D:3)
  An ogre (D:5)
  A centaur (D:2)
  A phantom (D:5)
  5 wights (D:4)
  An adder (D:4)
  An ufetubus (D:4)
  4 dart slugs
  9 orcs
  4 endoplasms
  5 giant cockroaches
  A goblin (D:2)
  6 hobgoblins
  11 jackals
  2 quokkas
  8 ball pythons
  5 bats
  6 frilled lizards
  8 kobolds
  5 rats
85 creatures vanquished.

Notes
Turn   | Place    | Note
-------+----------+-------------------------------------------
     0 | D:1      | Morbidden the Troll Transmuter began the quest for the Orb.
     0 | D:1      | Reached XP level 1. HP: 18/18 MP: 1/1
   127 | D:1      | Reached skill level 1 in Fighting
   183 | D:1      | Reached XP level 2. HP: 22/27 MP: 3/3
   241 | D:1      | Found a faded altar of an unknown god.
   749 | D:2      | Noticed a centaur
   877 | D:2      | Killed a centaur
   878 | D:2      | Reached skill level 4 in Unarmed Combat
   878 | D:2      | Reached XP level 3. HP: 21/33 MP: 4/4
   878 | D:2      | Reached XP level 4. HP: 26/41 MP: 5/5
  1509 | D:2      | Found a runed translucent door.
  1510 | D:2      | Noticed Crazy Yiuf
  1758 | D:3      | Reached XP level 5. HP: 49/49 MP: 6/6
  1881 | D:3      | Noticed Grinder
  1887 | D:3      | Paralysed by Grinder for 2 turns
  1918 | D:3      | Killed Grinder
  1919 | D:3      | Reached XP level 6. HP: 53/57 MP: 6/8
  2081 | D:3      | Learned a level 3 spell: Spider Form
  2306 | D:4      | Found the +7 great mace "Firestarter" {inner flame, rF++}
  2380 | D:4      | Found a shadowy altar of Dithmenos.
  2728 | D:4      | Reached skill level 1 in Throwing
  2733 | D:4      | Reached skill level 1 in Maces & Flails
  2733 | D:4      | Reached XP level 7. HP: 43/66 MP: 9/9
  2902 | D:5      | Entered Level 5 of the Dungeon
  2902 | D:5      | Found an iron altar of Okawaru.
  2909 | D:5      | Reached skill level 5 in Unarmed Combat
  2914 | D:5      | Reached skill level 1 in Poison Magic
  2914 | D:5      | Noticed a two-headed ogre
  2987 | D:5      | Mangled by a two-headed ogre

Illustrated notes

Levels and vault maps discovered:
D:1:      minmay_arrival_cross, layout_loops_ring,
          hellmonk_ecumenical_altar_lost_god
D:2:      layout_loops_ring, uniq_crazy_yiuf_cottage
D:3:      layout_rooms, uniq_grinder
D:4:      layout_basic, grunt_dithmenos_smoke, minmay_misc_feat_tiny
D:5:      layout_loops_ring, okawaru_metal_pillars_1_2, kennysheep_mini,
          uniq_blork_the_orc

Skill      XL: |  1  2  3  4  5  6  7 |
---------------+----------------------+-----
Fighting       | 1 2 |  2.6
Unarmed Combat | 4 5 |  5.0
Transmutations | 2 |  2.6
Dodging        | 2 |  2.5
Spellcasting   | 2 |  2.3
Throwing       | 1 |  1.0
Maces & Flails | 1 |  1.7
Poison Magic   | 1 |  1.0
Slings         | |  0.7
Stealth        | |  0.1

Action                   |  1- 3 |  4- 6 |  7- 9 || total
-------------------------+-------+-------+-------++-------
Melee: Unarmed           |    60 |    80 |     7 ||   147
       Punch             |       |     2 |       ||     2
       Great mace        |       |    35 |     6 ||    41
 Fire: Hunting sling     |       |    14 |       ||    14
Throw: Dart              |     1 |    15 |     1 ||    17
 Cast: Beastly Appendage |       |     1 |       ||     1
  Use: Scroll            |       |     1 |       ||     1
       Potion            |       |     1 |       ||     1
Armor: Robe              |    14 |    52 |       ||    66
Dodge: Dodged            |    39 |   107 |     8 ||   154

Table legend: (Time is in decaauts)
 A = Elapsed time spent in this place.
 B = Non-inter-level travel time spent in this place.
 C = Inter-level travel time spent in this place.
 D = Time resting spent in this place.
 E = Time spent auto-exploring this place.
 F = Levels seen in this place.
 G = Mean time per level.
                   A        B        C        D        E       F      G
               +--------+--------+--------+--------+--------+-----+--------+
         Total |   3000 |   2825 |    175 |    162 |   2045 |   5 |  600.0 |
       Dungeon |   3000 |   2825 |    175 |    162 |   2045 |   5 |  600.0 |
               +--------+--------+--------+--------+--------+-----+--------+

Top non-repeatable levels by time:
     D:1: 846 daAuts
     D:2: 827 daAuts
     D:4: 719 daAuts
     D:3: 519 daAuts
     D:5: 87 daAuts
